 Dungeon Crawl Stone Soup version 0.24.0-13-gcf9b319 (webtiles) character file.

Game seed: 42309538033990199, levelgen mode: deterministic

335289 Fang the Warrior (level 21, -6/144 HPs)
             Began as a Gargoyle Berserker on Dec 10, 2019.
             Was the Champion of Trog.
             Killed from afar by an ice dragon (12 damage)
             ... with a blast of cold
             ... on level 3 of the Vaults.
             The game lasted 00:50:48 (34428 turns).

Fang the Warrior (Gargoyle Berserker)              Turns: 34428, Time: 00:50:49

Health: -6/144     AC: 38    Str: 29    XL:     21   Next: 86%
Magic:  21/21      EV: 12    Int: 10    God:    Trog [******]
Gold:   2909       SH: 26    Dex:  9    Spells: 20/20 levels left

rFire    . . .     SeeInvis +   H - +6 broad axe (flame)
rCold    + . .     Gourm    .   I - +3 large shield {AC+3}
rNeg     + . .     Faith    .   d - +7 plate armour "Zuxaf" {MR+ Regen+}
rPois    ∞         Spirit   .   R - +0 helmet {SInv}
rElec    +         Reflect  +   B - scarf {cloud immunity}
rCorr    .         Harm     .   (no gloves)
MR       ++...                  (no boots)
Stlth    ..........             A - +2 amulet of reflection
HPRegen  0.74/turn              s - +3 ring of slaying
MPRegen  0.17/turn              y - ring of protection from cold

@: corroded, berserk cooldown, flying, slowed, very slow
A: big wings, negative energy resistance 1, electricity resistance, unbreathing,
petrification resistance, rot immunity, AC +16
}: 2/15 runes: decaying, serpentine
a: Stop Flying, Berserk, Trog's Hand, Brothers in Arms, Renounce Religion


You were on level 3 of the Vaults.
You worshipped Trog.
Trog was exalted by your worship.
You were near starving.

You visited 7 branches of the dungeon, and saw 36 of its levels.
You visited the Abyss 1 time.

You collected 4147 gold pieces.
You spent 1238 gold pieces at shops.

Inventory:

Hand Weapons
 a - a +4 antimagic broad axe
 H - a +6 broad axe of flaming (weapon)
 J - the +11 war axe "Tormentor" {freeze, *Rage Str+3 Int+3 Dex+8}
   (You found it on level 5 of the Lair of Beasts)

   It has been specially enchanted to freeze those struck by it, causing extra
   injury to most foes and up to half again as much damage against particularly
   susceptible opponents.
   It can also slow down cold-blooded creatures.
   It affects your strength (+3).
   It affects your intelligence (+3).
   It affects your dexterity (+8).
   It may make you go berserk in combat.
 P - the +8 broad axe "Acetu" {freeze, rPois rF+ SInv}
   (You bought it in a shop on level 2 of the Orcish Mines)

   It has been specially enchanted to freeze those struck by it, causing extra
   injury to most foes and up to half again as much damage against particularly
   susceptible opponents.
   It can also slow down cold-blooded creatures.
   It protects you from fire.
   It protects you from poison.
   It lets you see invisible.
Armour
 b - a +1 plate armour of fire resistance
 d - the +7 plate armour "Zuxaf" (worn) {MR+ Regen+}
   (You acquired it on level 8 of the Dungeon)

   It affects your resistance to hostile enchantments.
   It increases your rate of regeneration.
 B - a scarf of cloud immunity (worn)
 I - a +3 large shield of protection (worn)
 R - a +0 helmet of see invisible (worn)
Jewellery
 s - a +3 ring of slaying (left hand)
 y - a ring of protection from cold (right hand)
 A - a +2 amulet of reflection (around neck)
 T - an uncursed amulet of regeneration
Wands
 e - a wand of random effects (49)
 g - a wand of acid (37)
 k - a wand of polymorph (10)
 l - a wand of clouds (4)
 n - a wand of disintegration (33)
 o - a wand of paralysis (26)
 p - a wand of flame (106)
 L - a wand of iceblast (18)
 M - a wand of digging (16)
 N - a wand of enslavement (8)
 Q - a wand of scattershot (3)
Scrolls
 h - 15 scrolls of remove curse
 q - 10 scrolls of blinking
 t - 2 scrolls of fear
 u - 2 scrolls of magic mapping
 E - a scroll of immolation
 F - 11 scrolls of identify
 G - 4 scrolls of teleportation
Potions
 f - 18 potions of curing
 i - 3 potions of mutation
 j - 2 potions of ambrosia
 m - 2 potions of cancellation
 v - 2 potions of might
 w - 2 potions of invisibility
 x - a potion of berserk rage
 z - 4 potions of heal wounds
 C - a potion of resistance
 D - 3 potions of haste
Comestibles
 c - 67 rations
 r - 4 chunks of flesh


   Skills:
 + Level 19.1 Fighting
 + Level 16.4 Axes
 + Level 18.8 Armour
 + Level 15.1 Dodging
 + Level 14.2 Shields


You had 20 spell levels left.
You didn't know any spells.
Your spell library was empty.

Dungeon Overview and Level Annotations

Branches:
Dungeon (15/15)            Temple (1/1) D:5            Lair (6/6) D:8
  Swamp (4/4) Lair:2        Snake (4/4) Lair:3        Slime (0/5) Lair:6
    Orc (2/2) D:10            Elf (0/3) Orc:2        Vaults (4/5) D:13
 Depths (0/5) D:15
  Crypt: Vaults:2-3

Altars:
Elyvilon
Fedhas
Makhleb
Nemelex Xobeh
Sif Muna
Vehumet
Jiyva

Shops:
D:4 *   D:8 !   D:13 [   Orc:2 (%*!   Snake:2 *   Snake:3 }}=   Snake:4 *
Vaults:1 ?   Vaults:4 %

Portals:
Hell: Lair:6

Annotations:
D:7 1 runed translucent door
Lair:1 exclusion: 3 oklob plants
Lair:5 exclusion: 4 oklob plants
Swamp:4 2 transporters, Romra's ghost, adept MiFi
Snake:1 1 transporter


Innate Abilities, Weirdness & Mutations

You are resistant to torment.
Your stone body is resilient. (AC +16)
You are immune to poison.
Your large and strong wings let you fly indefinitely.
You resist negative energy. (rN+)
You are resistant to electric shocks. (rElec)
You can survive without breathing.
You are immune to petrification.
You are immune to rotting.


Message History

The vault sentinel points at you and mumbles some strange words.
You struggle to resist.
You block the ancient lich's attack.
You slice the ancient lich!! You burn the ancient lich.
You destroy the ancient lich!
Trog accepts your kill.
Trog appreciates your killing of a magic user.
An ironbrand convoker comes into view. It is wielding a +0 dire flail.
The yaktaur wields a +0 arbalest.
The yaktaur shoots a bolt.
You reflect the bolt off an invisible shield around you!
The bolt hits the yaktaur!!
The ironbrand convoker moves out of view.
You feel a strong urge to attack something.
You are no longer berserk.
You are exhausted.
You feel yourself slow down.
An ironbrand convoker opens the door.
You block the vault sentinel's attack.
Your plate armour "Zuxaf" prevents you from hitting the vault sentinel.
The ice dragon breathes frost at you. The blast of cold hits you! You resist.
You die...

............^.# .......)......#
..............+ ...######(##..#
## #.......#..# ...###..c###..#
...#.#8)8#.#..# ..pD..)p)..#..#
#.. ...#.#8@8#.#..#
+......###...###..# #..>..
#.......#..# ... .....
#########..# #....# ....
#..........#########
#....########..........#.......#
#.....................#...†...#
#.....................#..<....#
#.....................'.......#


You could see an ice dragon, a vault sentinel, an ironbrand convoker and a
yaktaur.

Vanquished Creatures
  An ancient lich (Vaults:3)
  Bai Suzhen (Vaults:2)
  the Lernaean hydra (Swamp:4)
  Jory (Vaults:2)
  A bone dragon (Abyss:3)
  Jorgrun (D:12)
  A tentacled monstrosity (Vaults:4)
  Rupert (Lair:3)
  2 liches
  Gastronok (D:9)
  3 thorn hunters
  Kirke (Swamp:3)
  2 tengu reavers (Vaults:4)
  10 nagarajas
  3 deep elf sorcerers
  Donald (Swamp:4)
  A frost giant (Vaults:3)
  Louise (Swamp:4)
  A fire giant (Vaults:2)
  Aizul (Snake:2)
  5 vault wardens
  An orc warlord (Orc:1)
  8 very ugly things
  2 entropy weavers
  3 stone giants
  10 ironheart preservers
  Azrael (Snake:1)
  A deep elf demonologist (Vaults:1)
  Snorg (D:10)
  2 ettins (Vaults:4)
  A fire dragon (Vaults:4)
  A deep elf death mage (Vaults:2)
  2 yaktaur captains
  A great orb of eyes (Vaults:1)
  3 ice dragons
  8 ogre magi
  3 vault guards (Vaults:4)
  20 hydras
  2 ghost crabs (Swamp:4)
  8 naga warriors
  3 rakshasas
  Erolcha (D:11)
  5 centaur warriors
  A catoblepas (Lair:4)
  11 anacondas
  A death knight (D:15)
  A shambling mangrove (Swamp:2)
  10 alligators
  A deep troll shaman (Vaults:4)
  19 two-headed ogres
  4 thrashing horrors (Abyss:3)
  An orc high priest (Orc:2)
  5 shock serpents
  A deep troll earth mage (Vaults:4)
  Urug (Lair:4)
  11 naga sharpshooters
  A storm dragon zombie (Vaults:3)
  2 shadow wraiths (Vaults:4)
  5 deep elf knights
  A salamander mystic (Snake:3)
  A sixfirhy (Lair:6)
  2 glowing orange brains
  8 skeletal warriors
  2 deep trolls (Vaults:4)
  6 unseen horrors
  2 flayed ghosts
  9 naga ritualists
  2 spriggan druids (Swamp:3)
  11 swamp dragons
  6 orc knights
  2 deep elf archers
  4 wizards
  A sphinx zombie (Vaults:3)
  A harpy (Vaults:2)
  A phantasmal warrior (D:15)
  3 necromancers
  11 orc sorcerers
  30 ugly things
  6 deep elf magi
  17 mana vipers
  7 ironbrand convokers
  2 oklob plants (D:12)
  2 salamanders (shapeshifter)
  8 salamanders
  7 wolf spiders
  A cyclops (Vaults:2)
  A manticore (shapeshifter) (Vaults:4)
  11 vault sentinels
  An elephant (D:7)
  Maurice (D:9)
  An apocalypse crab (Abyss:3)
  46 black mambas
  8 guardian serpents
  13 spiny frogs
  2 gargoyles
  2 kobold demonologists (Swamp:3)
  17 naga magi
  6 komodo dragons
  2 orange demons (Lair:6)
  31 yaktaurs
  5 rime drakes
  An efreet (D:15)
  A redback zombie (D:15)
  2 ice devils
  2 red devils (Lair:6)
  6 freezing wraiths
  A jumping spider (shapeshifter) (Vaults:1)
  8 trolls
  10 tyrant leeches
  16 hornets
  8 blink frogs
  9 bog bodies
  11 dream sheep (Lair:6)
  A raiju (shapeshifter) (Vaults:2)
  16 slime creatures
  9 hippogriffs
  5 shadows
  2 meliai zombies
  12 spriggans
  3 yaks (shapeshifter)
  36 yaks
  2 wraiths
  A large abomination (Abyss:3)
  A small abomination (Abyss:3)
  A vampire (D:12)
  A human (D:9)
  6 basilisks
  8 hogs
  24 vampire mosquitoes
  A wyvern (Lair:2)
  Grum (D:9)
  A fire elemental (Snake:1)
  A human simulacrum (Vaults:2)
  A steam dragon (D:8)
  15 insubstantial wisps
  A soldier ant (D:14)
  5 wargs
  66 nagas
  4 acid dragons
  17 swamp worms
  The ghost of beanscad the Gusty, an amateur TeAE (D:3)
  7 hell hounds
  3 porcupines
  15 water moccasins
  32 orc warriors
  15 swamp drakes
  11 ice beasts
  2 black bears
  4 sky beasts
  A necrophage (D:7)
  4 boggarts
  4 wolves (D:9)
  2 eyes of draining
  25 ogres
  14 centaurs
  11 crocodiles
  A big kobold (D:14)
  2 human zombies (Vaults:3)
  Blork the orc (D:6)
  15 bullfrogs
  A hornet simulacrum (D:15)
  4 scorpions
  20 wights
  2 electric eels (D:8)
  4 howler monkeys
  7 crimson imps
  4 centaur zombies
  4 starcursed masses (Abyss:3)
  2 bullfrog zombies
  5 jellies
  8 centaur skeletons
  8 hounds
  A quasit (D:14)
  28 orc priests
  44 orc wizards
  A gnoll shaman (D:4)
  2 iguanas
  16 worker ants
  2 hound zombies
  A howler monkey zombie (D:9)
  3 worker ant zombies
  11 adders
  14 gnolls
  3 shadow imps
  8 oozes
  2 adder skeletons
  An adder zombie (D:8)
  3 worms
  A dart slug (D:1)
  10 leopard geckos
  86 orcs
  10 giant cockroaches
  6 goblins
  9 hobgoblins
  10 jackals
  23 kobolds
  A quokka (D:12)
  A ball python (D:1)
  5 bats
  12 frilled lizards
  2 leopard gecko zombies (D:4)
  A quokka skeleton (D:7)
  A quokka zombie (D:4)
  9 rats
  3 fungi (Lair:5)
  A plant (Lair:3)
1388 creatures vanquished.

Vanquished Creatures (collateral kills)
  2 hydras
  A two-headed ogre (D:12)
  A smoke demon (Lair:6)
  An orange demon (Lair:6)
  3 yaks (Lair:1)
  A wyvern skeleton (D:12)
9 creatures vanquished.

Vanquished Creatures (others)
  A vault warden (Vaults:4)
  A stone giant (Vaults:2)
  2 yaktaur captains
  A hell hog (Abyss:3)
  A deep elf archer (Vaults:2)
  2 cyclopes
  A guardian serpent (Snake:2)
  4 yaktaurs
  A vampire mosquito (Swamp:2)
  3 nagas
  2 swamp drakes (Swamp:4)
  An ogre (Vaults:2)
  2 centaurs (Vaults:4)
  2 orcs
  2 briar patches (Swamp:1)
  A fungus (Lair:1)
  A plant (Lair:5)
  9 toadstools (D:2)
37 creatures vanquished.

Grand Total: 1434 creatures vanquished

Notes
Turn   | Place    | Note
-------+----------+-------------------------------------------
     0 | D:1      | Fang the Gargoyle Berserker began the quest for the Orb.
     0 | D:1      | Reached XP level 1. HP: 14/14 MP: 1/1
   103 | D:1      | Reached XP level 2. HP: 18/19 MP: 2/2
   280 | D:1      | Reached XP level 3. HP: 17/23 MP: 3/3
   601 | D:2      | Reached ** piety under Trog
   749 | D:2      | Reached XP level 4. HP: 29/29 MP: 4/4
   964 | D:2      | Reached skill level 4 in Fighting
  1007 | D:2      | Reached XP level 5. HP: 8/33 MP: 5/5
  1434 | D:2      | Found a faded altar of an unknown god.
  1505 | D:2      | Reached *** piety under Trog
  2132 | D:3      | Reached XP level 6. HP: 39/39 MP: 6/6
  2370 | D:3      | Found a runed translucent door.
  2370 | D:3      | Noticed beanscad's ghost (amateur TeAE)
  2470 | D:3      | Killed beanscad's ghost
  2523 | D:4      | Reached skill level 5 in Fighting
  2659 | D:4      | Reached XP level 7. HP: 38/44 MP: 7/7
  2728 | D:4      | Reached **** piety under Trog
  3137 | D:4      | Reached skill level 5 in Armour
  3179 | D:4      | Found Riesitz's Assorted Antiques.
  3547 | D:5      | Entered Level 5 of the Dungeon
  3558 | D:5      | Found a staircase to the Ecumenical Temple.
  3574 | D:5      | Reached XP level 8. HP: 31/51 MP: 8/8
  3582 | Temple   | Entered the Ecumenical Temple
  3828 | D:5      | Reached skill level 6 in Fighting
  3840 | D:5      | Reached skill level 5 in Axes
  4953 | D:6      | Noticed Blork the orc
  4968 | D:6      | Killed Blork the orc
  5088 | D:6      | Found a radiant altar of Vehumet.
  5099 | D:6      | Reached XP level 9. HP: 38/56 MP: 9/9
  5104 | D:6      | Reached skill level 7 in Fighting
  5386 | D:6      | Reached skill level 5 in Dodging
  5992 | D:7      | Found a runed translucent door.
  5993 | D:7      | Found a runed translucent door.
  6005 | D:7      | Reached ***** piety under Trog
  6840 | D:7      | Reached skill level 8 in Fighting
  7184 | D:8      | Identified a scroll of acquirement
  7187 | D:8      | Got a pitted plate armour
  7193 | D:8      | Noticed an elephant
  7209 | D:7      | Reached XP level 10. HP: 64/64 MP: 8/10
  7215 | D:7      | Killed an elephant
  7264 | D:7      | Identified the +7 plate armour "Zuxaf" {MR+ Regen+} (You
                  | acquired it on level 8 of the Dungeon)
  7298 | D:8      | Found a staircase to the Lair.
  7418 | D:8      | Received a gift from Trog
  7664 | D:8      | Found Qameifah's Distillery.
  7871 | D:9      | Noticed Grum
  7883 | D:9      | Killed Grum
  7906 | D:9      | Reached skill level 9 in Fighting
  8031 | D:9      | Noticed a two-headed ogre
  8040 | D:9      | Killed a two-headed ogre
  8118 | D:9      | Noticed a two-headed ogre
  8135 | D:9      | Killed a two-headed ogre
  8202 | D:9      | Noticed Gastronok
  8219 | D:9      | Killed Gastronok
  8219 | D:9      | Reached XP level 11. HP: 72/72 MP: 7/11
  8259 | D:9      | Reached skill level 10 in Fighting
  8264 | D:9      | Found a burning altar of Makhleb.
  8325 | D:9      | Noticed Maurice
  8348 | D:9      | Killed Maurice
  8660 | D:10     | Entered Level 10 of the Dungeon
  8725 | D:10     | Found a sparkling altar of Nemelex Xobeh.
  8734 | D:10     | Noticed a two-headed ogre
  8745 | D:10     | Killed a two-headed ogre
  8745 | D:10     | Reached skill level 10 in Armour
  8906 | D:10     | Found a staircase to the Orcish Mines.
  8999 | D:10     | Reached ****** piety under Trog
  9069 | D:10     | Noticed Snorg
  9078 | D:10     | Killed Snorg
  9269 | D:10     | Received a gift from Trog
  9305 | D:10     | Reached XP level 12. HP: 79/79 MP: 12/12
  9691 | Lair:1   | Entered Level 1 of the Lair of Beasts
  9729 | Lair:1   | Reached skill level 11 in Fighting
 10071 | Lair:1   | Noticed a five-headed hydra
 10076 | Lair:1   | Killed a six-headed hydra
 10679 | Lair:2   | Found a staircase to the Swamp.
 11293 | Lair:3   | Reached skill level 12 in Fighting
 11293 | Lair:3   | Reached skill level 10 in Axes
 11293 | Lair:3   | Reached XP level 13. HP: 86/86 MP: 13/13
 11294 | Lair:3   | Gained mutation: Your large and strong wings let you fly
                  | indefinitely. [Gargoyle growth]
 11294 | Lair:3   | Reached XP level 14. HP: 92/92 MP: 14/14
 11351 | Lair:3   | Found a staircase to the Snake Pit.
 11622 | Lair:3   | Noticed Rupert
 11633 | Lair:3   | Killed Rupert
 12278 | Lair:4   | Received a gift from Trog
 12390 | Lair:4   | Noticed Urug
 12402 | Lair:4   | Killed Urug
 12435 | Lair:4   | Reached skill level 10 in Dodging
 13021 | Lair:5   | Reached skill level 13 in Fighting
 13123 | Lair:5   | Reached XP level 15. HP: 98/98 MP: 15/15
 13263 | Lair:5   | Got an iridescent war axe
 13264 | Lair:5   | Identified the +11 war axe "Tormentor" {freeze, *Rage Str+3
                  | Int+3 Dex+8} (You found it on level 5 of the Lair of
                  | Beasts)
 13348 | Lair:5   | Found a frozen archway.
 13898 | Lair:6   | Entered Level 6 of the Lair of Beasts
 14141 | Lair:6   | Found a viscous altar of Jiyva.
 14141 | Lair:6   | Found a staircase to the Slime Pits.
 14447 | Lair:6   | Found a burning altar of Makhleb.
 14552 | Lair:6   | Found a gateway to Hell.
 15000 | D:11     | Received a gift from Trog
 15244 | D:11     | Noticed Erolcha
 15253 | D:11     | Killed Erolcha
 15977 | D:12     | Reached skill level 14 in Fighting
 16285 | D:12     | Found a blossoming altar of Fedhas.
 16503 | D:12     | Noticed Jorgrun
 16529 | D:12     | Killed Jorgrun
 17303 | D:13     | Found Fokaune's Antique Armour Boutique.
 17622 | D:13     | Found a gate to the Vaults.
 17918 | D:14     | Received a gift from Trog
 18069 | D:14     | Reached XP level 16. HP: 99/107 MP: 16/16
 18598 | D:14     | Found a blossoming altar of Fedhas.
 18671 | D:15     | Entered Level 15 of the Dungeon
 19332 | D:15     | Found a staircase to the Depths.
 19726 | Orc:1    | Entered Level 1 of the Orcish Mines
 19940 | Orc:2    | Entered Level 2 of the Orcish Mines
 20017 | Orc:2    | Received a gift from Trog
 20038 | Orc:2    | Reached skill level 15 in Fighting
 20097 | Orc:2    | Paralysed by an orc sorcerer for 3 turns
 20108 | Orc:2    | Found a staircase to the Elven Halls.
 20188 | Orc:2    | Found Waehief's Food Boutique.
 20442 | Orc:2    | Received a gift from Trog
 20930 | Orc:2    | Found Yppouxuo's Weapon Boutique.
 20930 | Orc:2    | Found Lifiaf's Assorted Antiques.
 20931 | Orc:2    | Found Xatim's Distillery.
 20950 | Orc:2    | Bought a potion of heal wounds for 85 gold pieces
 20950 | Orc:2    | Bought a potion of heal wounds for 85 gold pieces
 20951 | Orc:2    | Bought a shiny large shield for 240 gold pieces
 20962 | Orc:2    | Bought the +8 broad axe "Acetu" {freeze, rPois rF+ SInv}
                  | for 765 gold pieces
 21580 | Snake:1  | Entered Level 1 of the Snake Pit
 21758 | Snake:1  | Reached skill level 15 in Armour
 21780 | Snake:1  | Noticed Azrael
 21798 | Snake:1  | Killed Azrael
 21855 | Snake:1  | Noticed a nagaraja
 21939 | Snake:1  | Found a transporter.
 22108 | Snake:1  | Reached XP level 17. HP: 99/113 MP: 17/17
 22445 | Snake:1  | Found a shimmering blue altar of Sif Muna.
 22907 | Snake:2  | Noticed Aizul
 22941 | Snake:2  | Received a gift from Trog
 22968 | Snake:2  | Killed Aizul
 23265 | Snake:2  | Found Voyrghasch's General Store.
 23972 | Snake:3  | Found Bijyptae's Gadget Shoppe.
 23973 | Snake:3  | Found Goesel's Jewellery Shop.
 23974 | Snake:3  | Found Xacel's Gadget Shoppe.
 24035 | Snake:3  | Reached skill level 16 in Fighting
 24058 | Snake:3  | Received a gift from Trog
 24925 | Snake:4  | Entered Level 4 of the Snake Pit
 25014 | Snake:4  | Reached XP level 18. HP: 120/120 MP: 18/18
 25176 | Snake:4  | Received a gift from Trog
 25346 | Snake:4  | Found Rotyn's Retail Resort.
 25533 | Snake:4  | Reached skill level 10 in Shields
 25629 | Snake:4  | Got a serpentine rune of Zot
 25885 | Swamp:1  | Entered Level 1 of the Swamp
 25982 | Swamp:1  | Received a gift from Trog
 27000 | Swamp:2  | Reached skill level 17 in Fighting
 27315 | Swamp:3  | Noticed Kirke
 27323 | Swamp:3  | Reached XP level 19. HP: 87/128 MP: 19/19
 27481 | Swamp:3  | Killed Kirke
 27484 | Swamp:3  | Received a gift from Trog
 28199 | Swamp:4  | Entered Level 4 of the Swamp
 28276 | Swamp:4  | Noticed Romra's ghost (adept MiFi)
 28294 | Swamp:4  | Found a transporter.
 28352 | Swamp:4  | Noticed Donald
 28363 | Swamp:4  | Killed Donald
 28472 | Swamp:4  | Noticed Louise
 28478 | Swamp:4  | Received a gift from Trog
 28528 | Swamp:4  | Killed Louise
 28590 | Swamp:4  | Reached skill level 15 in Axes
 28596 | Swamp:4  | Noticed the 27-headed Lernaean hydra
 28616 | Swamp:4  | Killed the 16-headed Lernaean hydra
 28771 | Swamp:4  | Got a decaying rune of Zot
 28892 | Swamp:4  | Found a transporter.
 29394 | Vaults:1 | Entered Level 1 of the Vaults
 29495 | Vaults:1 | Found Uran's Magic Scroll Shop.
 30046 | Vaults:1 | Received a gift from Trog
 30049 | Vaults:1 | Reached XP level 20. HP: 65/136 MP: 20/20
 30169 | Vaults:1 | You are sucked into a shaft and drop 1 floor!
 30459 | Vaults:2 | Noticed Jory
 30459 | Vaults:2 | Noticed Bai Suzhen
 30490 | Vaults:2 | Killed Bai Suzhen
 30516 | Vaults:2 | Killed Jory
 30724 | Vaults:2 | Found a magical portal.
 30750 | Vaults:2 | Cast into level 3 of the Abyss (a deep elf sorcerer)
 30759 | Abyss:3  | Reached skill level 18 in Fighting
 30770 | Abyss:3  | Paralysed by accursed screaming for 1 turns
 30847 | Abyss:3  | Noticed a bone dragon
 30864 | Abyss:3  | Killed a bone dragon
 30885 | Vaults:2 | Escaped the Abyss
 31375 | Vaults:2 | Received a gift from Trog
 32385 | Vaults:3 | You are sucked into a shaft and drop 1 floor!
 32502 | Vaults:4 | Reached XP level 21. HP: 131/142 MP: 21/21
 32591 | Vaults:4 | Received a gift from Trog
 33641 | Vaults:4 | Received a gift from Trog
 33751 | Vaults:4 | Reached skill level 15 in Dodging
 33916 | Vaults:4 | Found Aheysch's Food Boutique.
 34089 | Vaults:3 | Reached skill level 19 in Fighting
 34206 | Vaults:1 | Bought a scroll of immolation for 63 gold pieces
 34386 | Vaults:3 | Noticed an ancient lich
 34420 | Vaults:3 | HP: 3/216 [acid (12)]
 34423 | Vaults:3 | Killed an ancient lich
 34428 | Vaults:3 | Killed from afar by an ice dragon

Levels and vault maps discovered:
D:1:      lemuel_arrival_rhombus, layout_rooms
D:2:      cheibrodos_fertilizer, layout_basic, chequers_ecumenical_altar_island
D:3:      layout_basic, ebering_ghost_reflecting_pool, minmay_fractal_squares_5
D:4:      layout_gridville, serial_shops, kennysheep_little_box, serial_undead,
          serial_undead_a, serial_undead_e, serial_undead_a, serial_undead_c,
          first_ration, minmay_misc_feat_rows
D:5:      layout_basic, minmay_temple_entry_proselytizer, st_stairs_8
D:6:      layout_basic, vehumet_altar_wand_db, uniq_blork_the_orc
D:7:      lemuel_insect_pit, layout_loops_corners
D:8:      layout_loops_cross, david_lair_generic, serial_shops, shop,
          serial_bayou, serial_bayou_ford_a, serial_bayou_shore_b,
          serial_bayou_pond_c, serial_bayou_pond_e, serial_bayou_pond_a,
          serial_bayou_pond_a
D:9:      minmay_evil_eye, layout_basic, grunt_livestock, bloody_makhleb,
          uniq_gastronok, uniq_maurice, uniq_grum
D:10:     layout_irregular_city, david_orc_4, nemelex_diamond_rough_becter,
          uniq_snorg
D:11:     layout_loops_corners, uniq_erolcha
D:12:     layout_basic, hangedman_tree_tricks, uniq_jorgrun
D:13:     layout_grid_maze, david_vaults_2, minmay_shop_grid_forest
D:14:     layout_small_grid, glass_columns_a, fedhas_altar_4
D:15:     grunt_enter_depths_magical_seal, layout_loops_ring, dk_noncrumbling_3
Temple:   minmay_crystal_snake_temple
Lair:1:   dpeg_oklob_gauntlet, layout_chaotic_city, serial_bayou_shore_b
Lair:2:   layout_roguey, swamp_mist_pool, grunt_megastairs_1
Lair:3:   layout_misc_corridors, guppyfry_snake_entry_island, uniq_rupert
Lair:4:   layout_loops_ring, minivault_25, lookout_lair_type,
          grunt_megastairs_3, uniq_urug
Lair:5:   layout_regular_city, portal_ice_cave_entry_ice_beasts,
          grunt_forest_small_clearing_treed, minmay_lair_oklob_chamber,
          lemuel_fruit_tree
Lair:6:   evil_forest, layout_long_grid, dpeg_slime_entry_enclosed_altar
Swamp:1:  layout_basic_swamp, nicolae_swamp_dense_foliage
Swamp:2:  layout_falls_marsh, infiniplex_staircase_pool, swamp_pool1
Swamp:3:  layout_basic_swamp, serial_swamp_ruin, evilmike_swamp_ruin_house_6,
          evilmike_swamp_ruin_house_3, cheibrodos_swamp_kobolds, uniq_kirke
Swamp:4:  swamp_old_school, layout_basic_swamp, gammafunk_ghost_mausoleum,
          swamp_pool2, infiniplex_staircase_pool_2, uniq_louise, uniq_donald
Snake:1:  gammafunk_sealed_library, layout_chambers, uniq_azrael
Snake:2:  nicolae_aizul_guard, layout_onion, serial_shops,
          nicolae_shop_behind_doors
Snake:3:  layout_grid_maze, minmay_shop_grove
Snake:4:  minmay_snake_end_coiled, layout_onion_interference,
          nicolae_alphabet_shops, chequers_hall_statues_wall_a
Orc:1:    layout_caves
Orc:2:    st_orc_mages, layout_caves
Vaults:1: vaults_room_pool, ontoclasm_vaults_ring_small, v_rooms_1,
          grunt_vaults_hallway_long, v_alt_pattern_6, v_misc_13, v_misc_26,
          v_pattern_5, ontoclasm_vaults_chip, nicolae_vaults_border_crossing,
          vaults_dpeg_diagonal, layout_vaults_omnibox, serial_shops, shop
Vaults:2: v_pattern_4, vaults_room_grid, st_more_cells, vaults_mumra_hex,
          ontoclasm_vaults_shuriken, nicolae_vaults_network_s,
          grunt_vaults_funnel, layout_vaults_omnigrid, mu_enter_wizlab_2,
          uniq_jory, uniq_bai_suzhen
Vaults:3: gammafunk_vaults_ghost_crypt, minmay_crypt_entry_necro_gods,
          vaults_room_grunt_arrival_ludios, v_pattern_2, vaults_room_large_hall,
          hangedman_vaults_slice, nicolae_vaults_diagonal_hallway_9,
          ontoclasm_vaults_idyll, ontoclasm_vaults_chip, ontoclasm_vaults_chip,
          vaults_room_stairs_pillars, vaults_room_corners,
          layout_vaults_big_room
Vaults:4: nicolae_vaults_three_branches, vaults_mumra_chevron_long, v_misc_17,
          v_misc_25, v_pattern_1, nicolae_vaults_bisected_slash,
          nicolae_vaults_ninety_degrees, nicolae_vaults_asterisk, v_misc_32,
          st_hourglassy, ontoclasm_vaults_eye,
          nicolae_vaults_windows_and_doors_thing, layout_vaults_ring,
          serial_shops, shop_statue

Skill      XL: |  1  2  3  4  5  6  7  8  9 10 11 12 13 14 15 16 17 18 19 20 21 |
---------------+----------------------------------------------------------------+-----
Axes           | 3 4 5 6 8 9 10 11 12 13 14 15 16 | 16.4
Dodging        | 2 3 4 6 7 8 9 10 11 12 13 14 15 | 15.1
Armour         | 3 4 5 6 7 9 10 11 12 14 15 16 17 18 | 18.8
Fighting       | 4 5 6 8 9 10 12 13 14 15 16 17 18 19 | 19.1
Shields        | 4 6 9 10 12 13 14 | 14.2

Action                   |  1- 3 |  4- 6 |  7- 9 | 10-12 | 13-15 | 16-18 | 19-21 || total
-------------------------+-------+-------+-------+-------+-------+-------+-------++-------
Melee: Hand axe          |   154 |   175 |   298 |       |       |       |       ||   627
       War axe           |       |       |   256 |   571 |    85 |       |       ||   912
       Broad axe         |       |       |       |       |   599 |  1585 |  1201 ||  3385
Invok: Berserk           |     1 |     4 |     6 |     7 |     9 |     8 |    12 ||    47
       Trog's Hand       |       |       |     1 |       |     3 |     3 |     2 ||     9
       Brothers in Arms  |       |       |       |     1 |     3 |       |       ||     4
 Abil: Fly               |       |       |       |       |     1 |       |       ||     1
  Use: Scroll            |       |       |     8 |    27 |    12 |    16 |     5 ||    68
       Potion            |       |       |       |     1 |     2 |     1 |       ||     4
 Stab: Confused          |       |       |       |       |       |       |     1 ||     1
       Paralysed         |       |       |       |       |       |       |     9 ||     9
  Eat: Chunk             |       |    11 |    17 |    20 |    34 |    29 |    23 ||   134
       Ration            |       |       |     1 |     1 |       |     3 |     4 ||     9
Armor: Chain mail        |    94 |   137 |   325 |       |       |       |       ||   556
       Animal skin       |    11 |       |       |       |       |       |       ||    11
       Plate armour      |       |       |    65 |   546 |   612 |   927 |   642 ||  2792
Dodge: Dodged            |    92 |    98 |   296 |   326 |   575 |   667 |   424 ||  2478
Block: Other             |       |       |       |       |    43 |    41 |       ||    84
       Reflection        |       |       |       |       |     4 |   138 |   110 ||   252
       Large shield      |       |       |       |       |       |  1312 |  1387 ||  2699
